 Dungeon Crawl Stone Soup version 0.31.0-9-g3a7656b989 (webtiles) character file.

Game seed: 5215255841314441618

1622624 EnegeticOcto the Marksdjinni (level 27, 166/166 HPs)
             Began as a Djinni Hunter on Jan 26, 2024.
             Was the Champion of Qazlal.
             Escaped with the Orb
             ... and 3 runes!
             The game lasted 01:39:16 (70512 turns).

EnegeticOcto the Marksdjinni (Djinni Hunter)       Turns: 70512, Time: 01:39:16

Health: 166/166    AC: 21    Str: 19    XL:     27
Gold:   4933       EV: 38    Int: 19    God:    Qazlal [******] SH:  8 Dex: 37

rFire   + + +        N - +9 longbow (freeze)
rCold   + . .        (shield currently unavailable)
rNeg    . . .        S - +4 ring mail {rC+}
rPois   ∞            o - +2 helmet
rElec   +            g - +2 cloak {Will+}
rCorr   +            t - +2 pair of gloves
SInv    .            (boots unavailable)
Will    +++..        a - amulet "Pohinyixish" {Acrobat rC+ Regen+ rCorr}
Stlth   +            m - ring "Taytharr" {^Drain Str+3 Int+6 Dex+6, =R}
HPRegen 1.27/turn    R - ring "Kiodghia" {^Drain rElec Str+6 Dex+6}
MPRegen 0.00/turn

%: random rage (3%), repel missiles, acrobat
@: flying, studying 5 skills
A: sickness immunity, fire resistance 3, cold vulnerability 1, float, innate
caster, HP casting, extra vitality 1, berserk 1, clumsy 2, deterioration 1,
frail 2, no potion heal 1, MP-powered wands
0: Orb of Zot
}: 3/15 runes: serpentine, barnacled, slimy
a: Renounce Religion, Upheaval, Elemental Force, Disaster Area


You escaped.
You worshipped Qazlal.
Qazlal was exalted by your worship.
You visited 12 branches of the dungeon, and saw 53 of its levels.
You also visited: Sewer, Bailey and Ice Cave.

You collected 7488 gold pieces.
You spent 2555 gold pieces at shops.

Inventory:

Hand Weapons
 N - a +9 longbow of freezing (weapon)
   (You took it off a satyr on level 2 of the Shoals)
 W - a +2 hand cannon of draining
   (You took it off a yaktaur captain on level 3 of the Vaults)
Missiles
 I - 2 throwing nets {!f}
 L - 13 curare-tipped darts
Armour
 g - a +2 cloak of willpower (worn)
   (You took it off Nikola on level 3 of the Vaults)
 o - a +2 helmet (worn)
   (You took it off Robin on level 1 of the Dungeon)
 t - a +2 pair of gloves (worn)
   (You bought it in a shop on level 2 of the Orcish Mines)
 S - a +4 ring mail of cold resistance (worn)
   (You bought it in a shop on level 1 of the Snake Pit)
Jewellery
 a - the amulet "Pohinyixish" (around neck) {Acrobat rC+ Regen+ rCorr}
   (You took it off a wight on level 9 of the Dungeon)

   [amulet of the acrobat]

   Acrobat:   It increases your evasion while moving and waiting.
   rC+:       It protects you from cold.
   Regen+:    It increases your rate of health regeneration.
   rCorr:     It protects you from acid and corrosion.
 m - the ring "Taytharr" (left hand) {^Drain Str+3 Int+6 Dex+6, =R}
   (You found it on level 2 of the Dungeon)

   [ring of dexterity]

   Str+3:     It affects your strength (+3).
   Int+6:     It affects your intelligence (+6).
   Dex+6:     It affects your dexterity (+6).
   ^Drain:    It drains your maximum health when unequipped.
 R - the ring "Kiodghia" (right hand) {^Drain rElec Str+6 Dex+6}
   (You found it on level 4 of the Lair of Beasts)

   [ring of dexterity]

   Str+6:     It affects your strength (+6).
   Dex+6:     It affects your dexterity (+6).
   rElec:     It insulates you from electricity.
   ^Drain:    It drains your maximum health when unequipped.
Wands
 b - a wand of mindburst (23)
   (You found it on level 7 of the Dungeon)
 e - a wand of acid (10) {@v1}
   (You took it off Erica on level 10 of the Dungeon)
 s - a wand of roots (18) {@v2}
   (You found it on level 4 of the Dungeon)
 E - a wand of flame (123) {@v4}
   (You found it on level 7 of the Dungeon)
 J - a wand of digging (8) {@v3}
   (You found it on level 15 of the Dungeon)
 O - a wand of charming (36)
   (You found it on level 3 of the Lair of Beasts)
 Z - a wand of polymorph (20)
   (You bought it in a shop on level 1 of the Depths)
Scrolls
 d - 4 scrolls of torment
 f - 16 scrolls of teleportation {@r3 !r}
 k - 7 scrolls of vulnerability
 y - 6 scrolls of poison {!r}
 A - 5 scrolls of fog {!r}
 D - 3 scrolls of summoning {!r}
 F - 6 scrolls of fear {!r}
 G - 4 scrolls of blinking {@r4}
 P - 5 scrolls of silence {!r}
 T - 3 scrolls of immolation
 U - 3 scrolls of enchant weapon
Potions
 c - 8 potions of attraction
 h - 18 potions of curing {@q1 !q}
 i - a potion of invisibility
 j - 3 potions of berserk rage
 p - 9 potions of brilliance
 q - 7 potions of might {@q3 !q}
 u - 13 potions of enlightenment
 w - 4 potions of haste {@q4 !q}
 x - 7 potions of lignification {@q6}
 C - a potion of cancellation
 M - 5 potions of ambrosia
 Y - 2 potions of resistance


   Skills:
 - Level 20.9 Fighting
 - Level 20.9 Ranged Weapons
 - Level 10.0 Armour
 - Level 20.9 Dodging
 - Level 3.0 Stealth
 - Level 15.0 Spellcasting
 - Level 18.4 Conjurations
 - Level 15.0 Hexes
 - Level 15.0 Summonings
 - Level 15.0 Necromancy
 - Level 15.0 Translocations
 - Level 17.9 Fire Magic
 - Level 15.0 Ice Magic
 - Level 15.0 Air Magic
 - Level 15.0 Earth Magic
 - Level 15.0 Alchemy
 + Level 18.7 Invocations
 - Level 12.0 Evocations


You knew the following spells:

 Your Spells              Type           Power      Damage    Failure   Level
a - Shock                 Conj/Air       100%       1d9       0%          1
b - Leda's Liquefaction   Alch/Erth      31%        N/A       1%          4
c - Summon Ice Beast      Ice/Summ       63%        N/A       1%          3
d - Mercury Vapours       Alch/Air       100%       N/A       1%          2
e - Conjure Ball Lightni  Conj/Air       33%        3x3d11    1%          6
f - Monstrous Menagerie   Summ           31%        N/A       12%         7
g - Plasma Beam           Fire/Air       33%        2x1d46    1%          6
h - Lehudib's Crystal Sp  Conj/Erth      33%        10d9      43%         8
i - Ignition              Fire           35%        3d11      28%         8
j - Borgnjor's Revivific  Necr           31%        N/A       67%         8
k - Death's Door          Necr           31%        N/A       100%        9
z - Irradiate             Conj/Alch      33%        3d22      1%          5
B - Momentum Strike       Conj/Tloc      100%       3d10      0%          2
Your spell library was empty.

Dungeon Overview and Level Annotations

Branches:
Dungeon (15/15)            Temple (1/1) D:5            Lair (5/5) D:9
 Shoals (4/4) Lair:2        Snake (4/4) Lair:3        Slime (5/5) Lair:5
    Orc (2/2) D:10            Elf (3/3) Orc:2        Vaults (4/5) D:14
  Crypt (1/3) Vaults:3     Depths (4/4) D:15            Zot (5/5) Depths:4
  Sewer (visited)          Bailey (visited)           IceCv (visited)

Altars:
Ashenzari
Cheibriados
Dithmenos
Elyvilon
Fedhas
Gozag
Hepliaklqana
Makhleb
Nemelex Xobeh
Okawaru
Qazlal
Ru
Trog
Wu Jian
Xom
Yredelemnul
The Shining One

Shops:
D:14 *   Orc:1 **   Orc:2 [([(   Elf:3 [(   Shoals:2 [   Shoals:4 :
Snake:1 [([   Snake:2 :?   Snake:3 ((   Vaults:1 *(*:   Vaults:2 :   Vaults:3 (
Depths:1 *   Depths:4 :

Portals:
Hell: Depths:1 Depths:2 Depths:3 Depths:4
Abyss: Depths:1 Depths:3
Pandemonium: Depths:1 Depths:2 Depths:4
Ziggurat: Depths:4
Trove: Depths:2 (give 2 scrolls of acquirement)

Annotations:
D:15 1 runed translucent door, exclusion: door, AyAyRon's ghost, adept DsFi
Lair:2 2 transporters, exclusion: ice statue, Dumidips's ghost, journeyman OpMo
Lair:3 6 runed translucent doors
Shoals:1 3 runed translucent doors, exclusion: 3 doors, Quickbrownfox's ghost, journeyman DsCj
Orc:2 2 runed translucent doors, topfpfpflanze's ghost, journeyman OpSh
Elf:2 3 runed translucent doors
Vaults:4 3 runed translucent doors, exclusion: 3 doors, Prykner's ghost, adept HOFi
Crypt:1 Mennas
Zot:3 4 transporters


Innate Abilities, Weirdness & Mutations

You are immune to sickness and miasma.
You are immune to poison.
Your flesh is almost immune to the effects of heat. (rF+++)
You are vulnerable to cold. (rC-)
You float through the air rather than walking.
You learn spells naturally, not from books.
Your magical power is your life essence.
You have superior vitality. (+4 MHP)
You sometimes lose your temper in combat.
You are very clumsy. (Dex -4)
Your body sometimes deteriorates upon taking damage.
You are very frail. (-20% HP)
Potions are less effective at restoring your health.
You expend health (3 HP) to strengthen your wands.


Message History

(V) Vaults (C) Crypt (U) Depths (H) Hell (Z) Zot
Where to? (Tab/Enter - D:1 @ (x,y), ? - help)
Things that are here:
a +0 chain mail; a +0 trident
There is a stone staircase leading up here.
There is a stone staircase leading up here.
You fly upwards.
There is a stone staircase leading down here.
There is a stone staircase leading up here.
You fly upwards.
There is a stone staircase leading down here.
An Orb Guardian comes into view.
Unknown command.
You shoot an arrow.
The arrow closely misses the Orb Guardian.
You shoot an arrow. The arrow hits the Orb Guardian!!
The arrow freezes the Orb Guardian.
The Orb Guardian is heavily wounded.
The Orb Guardian completely misses you.
You shoot an arrow.
The arrow hits the Orb Guardian but does no damage.
The Orb Guardian is heavily wounded.
You block the Orb Guardian's attack.
You shoot an arrow. The arrow hits the Orb Guardian!!
The arrow freezes the Orb Guardian!
The Orb Guardian is almost dead.
The Orb Guardian hits you!
You shoot an arrow. The arrow hits the Orb Guardian!
The arrow freezes the Orb Guardian.
You kill the Orb Guardian!
Qazlal accepts your kill.
No target in view!
(D) Dungeon (T) Temple (L) Lair (A) Shoals (P) Snake Pit (M) Slime Pits (O) Orcish Mines (E) Elven Halls (V) Vaults (C) Crypt (U) Depths (H) Hell (Z) Zot
Where to? (Tab/Enter - D:1 @ (x,y), ? - help)
A hell beast comes into view.
There is a stone staircase leading up here.
Unknown command.
You fly upwards.
There is a stone staircase leading down here.
(D) Dungeon (T) Temple (L) Lair (A) Shoals (P) Snake Pit (M) Slime Pits (O) Orcish Mines (E) Elven Halls (V) Vaults (C) Crypt (U) Depths (H) Hell (Z) Zot
Where to? (Tab/Enter - D:1 @ (x,y), ? - help) HP restored.
A sixfirhy comes into view.
There is a stone staircase leading up here.
Unknown command.
You fly upwards.
There is a stone staircase leading down here.
(D) Dungeon (T) Temple (L) Lair (A) Shoals (P) Snake Pit (M) Slime Pits (O) Orcish Mines (E) Elven Halls (V) Vaults (C) Crypt (U) Depths (H) Hell (Z) Zot
Where to? (Tab/Enter - D:1 @ (x,y), ? - help)
There is a stone staircase leading up here.
You fly upwards.
There is a stone staircase leading down here.
A demonic crawler comes into view.
The demonic crawler gives a hideous shriek!
You shoot an arrow.
The arrow hits the demonic crawler but does no damage.
You shoot an arrow. The arrow hits the demonic crawler!!
The arrow freezes the demonic crawler!
The demonic crawler is heavily wounded.
You shoot an arrow. The arrow hits the demonic crawler!!
The arrow freezes the demonic crawler.
The demonic crawler is almost dead.
You shoot an arrow. The arrow hits the demonic crawler!!
The arrow freezes the demonic crawler.
You kill the demonic crawler!
Qazlal accepts your kill.
No target in view!
No target in view!
(D) Dungeon (T) Temple (L) Lair (A) Shoals (P) Snake Pit (M) Slime Pits (O) Orcish Mines (E) Elven Halls (V) Vaults (C) Crypt (U) Depths (H) Hell (Z) Zot
Where to? (Tab/Enter - D:1 @ (x,y), ? - help)
A Hell Sentinel comes into view.
Unknown command.
An orange demon comes into view.
The orange demon screeches!
Blink to where?
Press: ? - help, Dir - move target
As you read the scroll of blinking {@r4}, it crumbles to dust.
Aiming: Dig
Press: ? - help, Shift-Dir - straight line You can't see that place.
You feel a surge of power!
The rock shatters into small pieces.
There is an open door here.
There is a fountain of clear blue water here.
You reach down and open the door.
There is an open door here.
There is a staircase leading out of the dungeon here.
You have escaped!

#.####.#.....##.###..........
#.# ##.####'###..########### #.#
####.....###...[>.# ####.####
##.⌠4..⌠.##.4.##.#
#.......###....8....###.##.#
#..#.#####...⌠...⌠...###.#.#
#.[#.###...............#.#.#####
#......#.8.8.#####.8.8.#.#.##...
#...#.##..8..#.@.#..8..#........
#>..#.##.8.8.#'#'#.8.8.#...##...
#......#...^....)......#..######
###..###################4#.# #
#..##.# ###.......# #.#.## ###
#.....# #......#### #..#####..
##.######.####.# #.####.#.# #.#
#......#.######1###....#
#.####.#.##.....1....#......#


There were no monsters in sight!

Vanquished Creatures
  the Royal Jelly (Slime:5)
  Frederick (Depths:4)
  5 orbs of fire
  2 ancient liches (Zot:5)
  6 dread liches
  Mara (Shoals:3)
  3 Killer Klowns
  Josephina (Depths:2)
  Bai Suzhen (Depths:1)
  5 curse toes
  10 golden dragons
  A bone dragon (Depths:4)
  2 doom hounds (Depths:3)
  Jory (Depths:4)
  3 electric golems
  3 liches
  Grunn (Depths:3)
  13 tentacled monstrosities
  22 Orb Guardians
  2 sphinxes
  4 deep elf master archers (Elf:3)
  5 quicksilver dragons
  A walking frostbound tome (Depths:2)
  16 acid blobs
  2 deep elf blademasters (Elf:3)
  An ancient champion (Vaults:3)
  7 death cobs
  3 tengu reavers
  2 krakens
  4 shadow dragons
  3 nagarajas (Snake:4)
  Aizul (Snake:3)
  Donald (Vaults:4)
  9 storm dragons
  16 rockslimes
  4 draconian monks
  10 fire giants
  5 draconian knights
  12 azure jellies
  6 draconian scorchers
  3 protean progenitors
  3 deep elf sorcerers
  3 ghost moths
  9 frost giants
  An iron dragon (Depths:4)
  2 vault wardens
  5 draconian shifters
  4 deep elf elementalists (Elf:3)
  4 ghouls (Crypt:1)
  2 curse skulls (Crypt:1)
  8 draconian stormcallers
  3 draconian annihilators
  A cacodemon (D:12)
  10 ironbound preservers
  7 very ugly things
  A reaper (IceCv)
  An orc warlord (Bailey)
  17 quicksilver oozes
  8 formless jellyfish
  7 ironbound thunderhulks
  13 stone giants
  13 green draconians
  3 vampire knights (Depths:2)
  3 deep elf demonologists
  11 dire elephants (Vaults:3)
  A war gargoyle (Vaults:3)
  10 black draconians
  4 deep elf annihilators (Elf:3)
  11 yellow draconians
  13 purple draconians
  4 deep elf death magi
  11 white draconians
  14 red draconians
  2 bunyips (Zot:2)
  An eidolon (Crypt:1)
  A blizzard demon (Depths:2)
  4 spark wasps
  3 merfolk javelineers
  7 yaktaur captains
  2 entropy weavers
  4 merfolk impalers
  8 ettins
  A green death (Depths:1)
  8 jiangshi
  10 fire dragons
  2 crystal guardians (Vaults:4)
  9 deep elf high priests (Elf:3)
  8 great orbs of eyes
  6 hydras
  5 rakshasas
  5 spriggan air magi
  4 vault guards (D:14)
  An anaconda (shapeshifter) (Depths:4)
  3 peacekeepers
  2 merfolk aquamancers
  2 catoblepae (Lair:5)
  7 salamander tyrants
  An alligator (Zot:1)
  4 ice dragons
  3 ogre magi
  7 centaur warriors
  3 merfolk avatars
  4 boulder beetles
  A quicksilver dragon skeleton (Crypt:1)
  Erica (D:10)
  8 anacondas
  5 ironbound frosthearts
  An alligator snapping turtle (Shoals:4)
  4 death yaks
  2 death knights
  8 two-headed ogres
  10 dancing weapons
  6 deep troll shamans
  3 satyrs
  6 vampire magi
  11 naga warriors
  5 deep troll earth magi
  17 naga sharpshooters
  A demonic crawler (D:1)
  A sphinx skeleton (Crypt:1)
  4 tengu warriors
  2 storm dragon zombies
  3 occultists (D:15)
  3 soul eaters
  9 shock serpents
  2 spriggan berserkers
  Nergalle (D:10)
  8 deep elf knights
  13 hell knights
  5 salamander mystics
  A skyshark (Shoals:2)
  A shadow wraith (Crypt:1)
  10 skeletal warriors
  A sea snake (shapeshifter) (Depths:4)
  3 sixfirhies
  A goliath frog (Lair:5)
  9 iron trolls
  12 sea snakes
  47 deep trolls
  2 flayed ghosts (D:15)
  4 glowing orange brains
  2 cherubim (Elf:2)
  A shadow demon (Depths:1)
  A death drake (Zot:1)
  4 phantasmal warriors
  5 mana vipers
  A bog body (Crypt:1)
  10 ironbound convokers
  5 deep elf archers
  A golden dragon skeleton (Depths:1)
  5 arcanists
  An orc knight (Orc:2)
  26 harpies
  42 ugly things
  30 deep elf pyromancers
  5 naga ritualists
  A steelbarb worm (shapeshifter) (Vaults:4)
  6 necromancers
  2 wolf spiders (Lair:3)
  A sphinx simulacrum (D:15)
  An elf skeleton (Vaults:3)
  19 deep elf zephyrmancers
  A frost giant zombie (Depths:1)
  A tengu skeleton (Vaults:3)
  12 salamanders
  15 fauns
  Maurice (Orc:2)
  3 guardian serpents
  5 cyclopes
  12 elephants
  4 shining eyes
  4 meliai (D:15)
  15 manticores
  4 eyes of devastation
  10 merfolk sirens
  23 moths of wrath
  39 black mambas
  A fire giant skeleton (Depths:1)
  2 stone giant skeletons (Vaults:3)
  8 vault sentinels
  2 human skeletons (Vaults:3)
  25 naga magi
  Joseph (D:7)
  7 kobold blastminers
  A cane toad (shapeshifter) (D:13)
  3 smoke demons
  5 water nymphs
  A gargoyle (D:12)
  16 cane toads
  A rime drake (Lair:4)
  A catoblepas zombie (Crypt:1)
  2 orange demons (D:12)
  2 ice statues (IceCv)
  5 kobold demonologists
  13 komodo dragons
  13 yaktaurs
  An efreet (D:14)
  A freezing wraith (Crypt:1)
  2 tengu conjurers
  3 unseen horrors
  5 ice devils (IceCv)
  A golden dragon simulacrum (Depths:2)
  A minotaur skeleton (Crypt:1)
  An anaconda simulacrum (Crypt:1)
  2 tormentors
  A troll (D:12)
  34 merfolk
  A pale draconian skeleton (Crypt:1)
  A wind drake (Shoals:1)
  A harpy skeleton (Crypt:1)
  A polar bear (Lair:5)
  A harpy zombie (Crypt:1)
  A red devil (Depths:2)
  3 hornets
  3 tyrant leeches (Lair:5)
  18 blink frogs
  7 glass eyes
  3 dream sheep (Shoals:2)
  9 snapping turtles
  A dream sheep (shapeshifter) (Depths:4)
  A jumping spider (Lair:3)
  4 spriggan zombies (D:15)
  Sigmund (D:2)
  2 fire dragon skeletons (D:15)
  2 fire giant simulacra (Depths:2)
  108 slime creatures
  A spriggan (shapeshifter) (Depths:1)
  2 air elementals
  14 water elementals
  4 spriggans
  3 ettin skeletons (Vaults:3)
  3 shadows
  5 wyverns
  31 yaks
  7 humans (D:14)
  6 steam dragons
  2 wargs
  7 basilisks
  6 wraiths
  4 redbacks
  12 vampire mosquitoes
  Edmund (D:6)
  3 acid dragons
  61 nagas
  2 hydra simulacra (IceCv)
  12 water moccasins
  2 glowing shapeshifter skeletons
  An ogre skeleton (Vaults:3)
  Pargi (Sewer)
  4 black bears
  3 laughing skulls (Crypt:1)
  A sky beast (D:7)
  A cane toad skeleton (Crypt:1)
  23 orc warriors
  An ice beast (D:7)
  9 wolves
  10 ogres
  2 centaurs
  A phantom (D:4)
  5 kobold brigands
  19 bullfrogs
  3 two-headed ogre simulacra (IceCv)
  3 necrophages (Crypt:1)
  4 earth elementals
  3 scorpions
  11 wights
  An elephant simulacrum (IceCv)
  3 howler monkeys
  3 electric eels
  3 bombardier beetles
  3 jellies
  2 quasits (D:10)
  4 hounds
  A sleepcap (D:5)
  3 gnoll boudas
  17 orc priests
  6 iguanas
  Terence (D:2)
  26 orc wizards
  A troll simulacrum (IceCv)
  4 spriggan simulacra (IceCv)
  A wolf simulacrum (IceCv)
  A brain worm zombie (Crypt:1)
  Robin (D:1)
  10 adders
  16 gnolls
  3 naga simulacra (IceCv)
  A shadow imp (D:7)
  11 white imps
  An ufetubus (IceCv)
  A ribbon worm (D:4)
  3 dart slugs
  89 orcs
  8 ball pythons
  11 bats
  5 endoplasms
  7 giant cockroaches
  15 goblins
  7 hobgoblins
  9 jackals
  9 quokkas
  5 frilled lizards
  32 kobolds
  5 rats
  An aspiring flesh (Zot:1)
  3 tentacles (Shoals:2)
2037 creatures vanquished.

Vanquished Creatures (collateral kills)
  Xtahua (Vaults:3)
  Boris (Vaults:3)
  Saint Roka (Orc:2)
  Nikola (Vaults:3)
  Jorgrun (Shoals:1)
  A Hell Sentinel (Zot:4)
  A draconian monk (Zot:4)
  A frost giant (D:15)
  A draconian stormcaller (Zot:4)
  A very ugly thing (D:15)
  A vampire knight (Depths:1)
  A black draconian (Zot:2)
  A merfolk aquamancer (Shoals:1)
  An orc high priest (Orc:2)
  2 orc sorcerers (Orc:2)
  4 ugly things
  2 fauns (Shoals:1)
  A moth of wrath (Zot:2)
  A cane toad (Lair:5)
  A yaktaur (Vaults:3)
  A komodo dragon (Lair:5)
  2 ice devils (IceCv)
  A troll (Orc:2)
  A blink frog (Lair:5)
  2 wargs (Orc:2)
  A harpy simulacrum (IceCv)
  6 orc warriors (Orc:2)
  A bullfrog (Lair:5)
  An orc priest (Orc:2)
  2 orc wizards (Orc:2)
  A polar bear simulacrum (IceCv)
  A wolf simulacrum (IceCv)
  4 white imps (Orc:2)
  An ufetubus (IceCv)
  12 orcs
62 creatures vanquished.

Vanquished Creatures (others)
  Vv (Depths:4)
  A ghost moth (Zot:2)
  An arcanist (Vaults:3)
  A yaktaur (Vaults:3)
  A merfolk (Shoals:2)
  A water elemental (Shoals:1)
  A human (D:14)
  A spriggan simulacrum (Depths:2)
  2 kobolds (D:13)
  9 tentacles
19 creatures vanquished.

Grand Total: 2118 creatures vanquished

Notes
Turn   | Place    | Note
-------+----------+-------------------------------------------
     0 | D:1      | EnegeticOcto the Djinni Hunter began the quest for the Orb.
     0 | D:1      | Reached XP level 1. HP: 18/18 MP: 0/0
    59 | D:1      | Reached skill level 1 in Stealth
   195 | D:1      | Reached XP level 2. HP: 23/23 MP: 0/0
   788 | D:2      | Reached XP level 3. HP: 28/28 MP: 0/0
   788 | D:2      | Learned a level 1 spell: Shock
   806 | D:2      | Found a faded altar of an unknown god.
   906 | D:2      | Reached skill level 2 in Stealth
   920 | D:2      | Noticed Terence
  1072 | D:2      | Identified the ring "Taytharr" {^Drain Str+3 Int+6 Dex+6}
  1120 | D:2      | Reached XP level 4. HP: 33/33 MP: 0/0
  1122 | D:2      | Noticed Robin
  1174 | D:1      | Killed Robin
  1175 | D:1      | Reached skill level 4 in Ranged Weapons
  1306 | D:2      | Noticed Sigmund
  1534 | D:3      | Reached XP level 5. HP: 32/38 MP: 0/0
  1534 | D:3      | Learned a level 2 spell: Momentum Strike
  1728 | D:3      | Found a glowing drain.
  1738 | D:3      | Reached skill level 3 in Stealth
  1750 | Sewer    | Entered a sewer
  1758 | Sewer    | Noticed a brain worm
  1780 | Sewer    | Noticed Pargi
  1803 | Sewer    | Killed Pargi
  1804 | Sewer    | Reached skill level 5 in Ranged Weapons
  1804 | Sewer    | Reached XP level 6. HP: 43/43 MP: 0/0
  2343 | D:4      | Reached skill level 6 in Ranged Weapons
  2343 | D:4      | Reached XP level 7. HP: 49/49 MP: 0/0
  2343 | D:4      | Learned a level 2 spell: Mercury Vapours
  2930 | D:5      | Entered Level 5 of the Dungeon
  3098 | D:5      | Reached skill level 3 in Fighting
  3129 | D:5      | Found a staircase to the Ecumenical Temple.
  3135 | Temple   | Entered the Ecumenical Temple
  3150 | Temple   | Became a worshipper of Qazlal Stormbringer
  3604 | D:5      | Found a shadowy altar of Dithmenos.
  3629 | D:5      | Reached XP level 8. HP: 50/58 MP: 0/0
  3637 | D:5      | Reached skill level 4 in Fighting
  4037 | D:2      | Killed Sigmund
  4038 | D:2      | Reached skill level 7 in Ranged Weapons
  4174 | D:2      | Killed Terence
  4175 | D:2      | Reached skill level 5 in Fighting
  4364 | D:6      | Reached skill level 1 in Evocations
  4549 | D:6      | Found a sparkling altar of Nemelex Xobeh.
  4549 | D:6      | Found an opulent altar of Gozag.
  4572 | D:6      | Noticed Edmund
  4586 | D:6      | Killed Edmund
  4587 | D:6      | Reached skill level 2 in Evocations
  4587 | D:6      | Reached XP level 9. HP: 29/66 MP: 0/0
  4587 | D:6      | Learned a level 3 spell: Summon Ice Beast
  4795 | D:6      | Found a shimmering altar of Xom.
  5285 | D:6      | Reached skill level 6 in Fighting
  5351 | D:6      | Reached skill level 8 in Ranged Weapons
  5675 | D:7      | Reached * piety under Qazlal
  5975 | D:7      | Reached skill level 1 in Invocations
  6191 | D:7      | Reached skill level 3 in Dodging
  6370 | D:7      | Reached skill level 2 in Invocations
  6875 | D:7      | Noticed Joseph
  6881 | D:7      | Killed Joseph
  6882 | D:7      | Reached skill level 9 in Ranged Weapons
  6882 | D:7      | Reached skill level 4 in Dodging
  6882 | D:7      | Reached XP level 10. HP: 37/73 MP: 0/0
  7007 | D:7      | Reached skill level 3 in Invocations
  7024 | D:7      | Reached skill level 7 in Fighting
  8116 | D:8      | Reached skill level 5 in Dodging
  8118 | D:8      | Reached ** piety under Qazlal
  8419 | D:8      | Reached skill level 4 in Invocations
  8707 | D:9      | Found a flagged portal.
  8746 | Bailey   | Entered a bailey
  8764 | Bailey   | Noticed an orc warlord
  9061 | Bailey   | Found a runed translucent gate.
  9063 | Bailey   | Found a runed translucent gate.
  9065 | Bailey   | Found a runed translucent gate.
  9253 | Bailey   | Killed an orc warlord
  9254 | Bailey   | Reached skill level 6 in Dodging
  9295 | Bailey   | Acquired a +3 shortbow of freezing
  9310 | Bailey   | Gained mutation: You are robust. (+10% HP) [potion of
                  | mutation]
  9310 | Bailey   | Lost mutation: You are robust. (+10% HP) [potion of
                  | mutation]
  9395 | D:9      | Reached skill level 8 in Fighting
  9395 | D:9      | Reached skill level 5 in Invocations
  9395 | D:9      | Reached XP level 11. HP: 81/81 MP: 0/0
  9395 | D:9      | Learned a level 4 spell: Leda's Liquefaction
  9493 | D:9      | Identified the amulet "Pohinyixish" {Acrobat rC+ Regen+
                  | rCorr}
  9608 | D:9      | Found a staircase to the Lair.
  9625 | D:9      | Reached skill level 10 in Ranged Weapons
  9700 | D:9      | Reached skill level 7 in Dodging
  9702 | D:9      | Reached *** piety under Qazlal
  9781 | D:9      | Found a basalt altar of Yredelemnul.
 10242 | D:10     | Entered Level 10 of the Dungeon
 10267 | D:10     | Found the +8 demon blade "Leech" {evervamp, Harm ^Drain
                  | rN+}
 10297 | D:10     | Reached skill level 9 in Fighting
 10331 | D:10     | Noticed Erica
 10472 | D:10     | Killed Erica
 10473 | D:10     | Reached skill level 8 in Dodging
 10626 | D:10     | Found a staircase to the Orcish Mines.
 10898 | D:10     | Reached **** piety under Qazlal
 10936 | D:10     | Noticed a soul eater
 10937 | D:10     | Noticed a soul eater
 10953 | D:10     | Reached XP level 12. HP: 63/91 MP: 0/0
 10957 | D:10     | Reached skill level 10 in Fighting
 11106 | D:10     | Reached skill level 11 in Ranged Weapons
 11202 | Lair:1   | Entered Level 1 of the Lair of Beasts
 11488 | Lair:1   | Reached skill level 13 in Ranged Weapons
 11488 | Lair:1   | Reached XP level 13. HP: 96/96 MP: 0/0
 11488 | Lair:1   | Learned a level 5 spell: Irradiate
 12028 | Lair:1   | Reached skill level 1 in Spellcasting
 12028 | Lair:1   | Reached skill level 1 in Conjurations
 12028 | Lair:1   | Reached skill level 1 in Hexes
 12028 | Lair:1   | Reached skill level 1 in Summonings
 12028 | Lair:1   | Reached skill level 1 in Necromancy
 12028 | Lair:1   | Reached skill level 1 in Translocations
 12028 | Lair:1   | Reached skill level 1 in Fire Magic
 12028 | Lair:1   | Reached skill level 1 in Ice Magic
 12028 | Lair:1   | Reached skill level 1 in Air Magic
 12028 | Lair:1   | Reached skill level 1 in Earth Magic
 12028 | Lair:1   | Reached skill level 1 in Alchemy
 12836 | Lair:2   | Reached skill level 6 in Invocations
 13021 | Lair:2   | Reached skill level 9 in Dodging
 13108 | Lair:2   | Reached skill level 2 in Spellcasting
 13108 | Lair:2   | Reached skill level 2 in Conjurations
 13108 | Lair:2   | Reached skill level 2 in Hexes
 13108 | Lair:2   | Reached skill level 2 in Summonings
 13108 | Lair:2   | Reached skill level 2 in Necromancy
 13108 | Lair:2   | Reached skill level 2 in Translocations
 13108 | Lair:2   | Reached skill level 2 in Fire Magic
 13108 | Lair:2   | Reached skill level 2 in Ice Magic
 13108 | Lair:2   | Reached skill level 2 in Air Magic
 13108 | Lair:2   | Reached skill level 2 in Earth Magic
 13108 | Lair:2   | Reached skill level 2 in Alchemy
 13134 | Lair:2   | Found a staircase to the Shoals.
 13306 | Lair:2   | Found a transporter.
 13332 | Lair:2   | Found a transporter.
 13335 | Lair:2   | Noticed Dumidips's ghost (journeyman OpMo)
 13801 | Lair:3   | Found a staircase to the Snake Pit.
 13823 | Lair:3   | Reached XP level 14. HP: 103/103 MP: 0/0
 14131 | Lair:3   | Reached skill level 11 in Fighting
 14260 | Lair:3   | Reached skill level 14 in Ranged Weapons
 14267 | Lair:3   | Reached skill level 7 in Invocations
 14944 | Lair:3   | Found a runed translucent door.
 15034 | Lair:3   | Identified the +9 whip of Inquiry {protect, rF+++ rC- SInv}
 15037 | Lair:3   | Found a runed translucent gate.
 15037 | Lair:3   | Found a runed translucent gate.
 15037 | Lair:3   | Found a runed translucent gate.
 15037 | Lair:3   | Found a runed translucent gate.
 15037 | Lair:3   | Found a runed translucent gate.
 15038 | Lair:3   | Found a runed translucent gate.
 15172 | Lair:3   | Reached skill level 3 in Spellcasting
 15172 | Lair:3   | Reached skill level 3 in Conjurations
 15172 | Lair:3   | Reached skill level 3 in Hexes
 15172 | Lair:3   | Reached skill level 3 in Summonings
 15172 | Lair:3   | Reached skill level 3 in Necromancy
 15172 | Lair:3   | Reached skill level 3 in Translocations
 15172 | Lair:3   | Reached skill level 3 in Fire Magic
 15172 | Lair:3   | Reached skill level 3 in Ice Magic
 15172 | Lair:3   | Reached skill level 3 in Air Magic
 15172 | Lair:3   | Reached skill level 3 in Earth Magic
 15172 | Lair:3   | Reached skill level 3 in Alchemy
 15297 | Lair:4   | Reached skill level 10 in Dodging
 15377 | Lair:4   | Identified the ring "Kiodghia" {^Drain rElec Str+6 Dex+6}
 15509 | Lair:4   | Reached skill level 8 in Invocations
 16147 | Lair:5   | Entered Level 5 of the Lair of Beasts
 16163 | Lair:5   | Reached skill level 4 in Spellcasting
 16163 | Lair:5   | Reached skill level 4 in Conjurations
 16163 | Lair:5   | Reached skill level 4 in Hexes
 16163 | Lair:5   | Reached skill level 4 in Summonings
 16163 | Lair:5   | Reached skill level 4 in Necromancy
 16163 | Lair:5   | Reached skill level 4 in Translocations
 16163 | Lair:5   | Reached skill level 4 in Fire Magic
 16163 | Lair:5   | Reached skill level 4 in Ice Magic
 16163 | Lair:5   | Reached skill level 4 in Air Magic
 16163 | Lair:5   | Reached skill level 4 in Earth Magic
 16163 | Lair:5   | Reached skill level 4 in Alchemy
 16263 | Lair:5   | Reached skill level 12 in Fighting
 16560 | Lair:5   | Reached ***** piety under Qazlal
 16579 | Lair:5   | Reached XP level 15. HP: 109/112 MP: 0/0
 16579 | Lair:5   | Learned a level 6 spell: Conjure Ball Lightning
 16586 | Lair:5   | Reached skill level 9 in Invocations
 16691 | Lair:5   | Reached skill level 5 in Spellcasting
 16691 | Lair:5   | Reached skill level 5 in Conjurations
 16691 | Lair:5   | Reached skill level 5 in Hexes
 16691 | Lair:5   | Reached skill level 5 in Summonings
 16691 | Lair:5   | Reached skill level 5 in Necromancy
 16691 | Lair:5   | Reached skill level 5 in Translocations
 16691 | Lair:5   | Reached skill level 5 in Fire Magic
 16691 | Lair:5   | Reached skill level 5 in Ice Magic
 16691 | Lair:5   | Reached skill level 5 in Air Magic
 16691 | Lair:5   | Reached skill level 5 in Earth Magic
 16691 | Lair:5   | Reached skill level 5 in Alchemy
 16845 | Lair:5   | Found a runed translucent door.
 17030 | Lair:5   | Found a staircase to the Slime Pits.
 17030 | Lair:5   | Noticed an acid blob
 17632 | D:11     | Identified the staff "Jercholapt" {^Fragile rElec SInv
                  | Necro Air}
 18974 | Orc:1    | Entered Level 1 of the Orcish Mines
 18974 | Orc:1    | Noticed Nergalle
 18989 | D:10     | Killed Nergalle
 19223 | Orc:1    | Found Ryalay Woat's Specific Store.
 19228 | Orc:1    | Found Ivvov's General Store.
 19558 | Orc:2    | Entered Level 2 of the Orcish Mines
 19713 | Orc:2    | Reached skill level 13 in Fighting
 19713 | Orc:2    | Reached skill level 10 in Invocations
 19713 | Orc:2    | Reached skill level 3 in Evocations
 19716 | Orc:2    | Found a frozen archway.
 19734 | Orc:2    | Paralysed by an orc sorcerer for 5 turns
 19742 | Orc:2    | Noticed Saint Roka
 19755 | Orc:2    | Killed Saint Roka
 19756 | Orc:2    | Reached skill level 6 in Spellcasting
 19756 | Orc:2    | Reached skill level 6 in Conjurations
 19756 | Orc:2    | Reached skill level 6 in Hexes
 19756 | Orc:2    | Reached skill level 6 in Summonings
 19756 | Orc:2    | Reached skill level 6 in Necromancy
 19756 | Orc:2    | Reached skill level 6 in Translocations
 19756 | Orc:2    | Reached skill level 6 in Fire Magic
 19756 | Orc:2    | Reached skill level 6 in Ice Magic
 19756 | Orc:2    | Reached skill level 6 in Air Magic
 19756 | Orc:2    | Reached skill level 6 in Earth Magic
 19756 | Orc:2    | Reached skill level 6 in Alchemy
 19792 | IceCv    | Entered an ice cave
 21009 | IceCv    | Reached skill level 4 in Evocations
 21107 | IceCv    | Noticed a reaper
 21536 | IceCv    | Killed a reaper
 21576 | IceCv    | Identified the amulet "Nostruami" {RegenMP ^Fragile rF++
                  | MP+9 Stlth+}
 21676 | Orc:2    | Found a staircase to the Elven Halls.
 21772 | Orc:2    | Found Iqevah's Antique Weapon Emporium.
 21906 | Orc:2    | Noticed Maurice
 21921 | Orc:2    | Killed Maurice
 21950 | Orc:2    | Found a large runed translucent door.
 21950 | Orc:2    | Found a large runed translucent door.
 21954 | Orc:2    | Noticed topfpfpflanze's ghost (journeyman OpSh)
 22034 | Orc:2    | Reached XP level 16. HP: 121/121 MP: 0/0
 22260 | Orc:2    | Found Ekucweih's Antique Armour Emporium.
 22265 | Orc:2    | Bought a pair of glowing gloves for 285 gold pieces
 22349 | Orc:2    | Found Heto's Antique Armour Boutique.
 22351 | Orc:2    | Found Etuyrean's Antique Weapon Shop.
 23296 | D:14     | Reached skill level 15 in Ranged Weapons
 23348 | D:14     | Reached skill level 5 in Evocations
 23645 | D:14     | Found a gate to the Vaults.
 23771 | D:14     | Found Gozag's Platinum Reserve.
 23774 | D:14     | Found an opulent altar of Gozag.
 23941 | D:14     | Reached skill level 7 in Spellcasting
 23941 | D:14     | Reached skill level 7 in Conjurations
 23941 | D:14     | Reached skill level 7 in Hexes
 23941 | D:14     | Reached skill level 7 in Summonings
 23941 | D:14     | Reached skill level 7 in Necromancy
 23941 | D:14     | Reached skill level 7 in Translocations
 23941 | D:14     | Reached skill level 7 in Fire Magic
 23941 | D:14     | Reached skill level 7 in Ice Magic
 23941 | D:14     | Reached skill level 7 in Air Magic
 23941 | D:14     | Reached skill level 7 in Earth Magic
 23941 | D:14     | Reached skill level 7 in Alchemy
 24152 | D:15     | Entered Level 15 of the Dungeon
 24236 | D:15     | Reached skill level 14 in Fighting
 24716 | D:15     | Noticed a frost giant
 24730 | D:15     | Found a runed translucent door.
 24730 | D:15     | Identified the +1 spear "Cocvytox" {chaos, Dex+5}
 25067 | D:15     | Identified the +3 short sword "Imp's Curse" {flame, Dex+5}
 25068 | D:15     | Noticed AyAyRon's ghost (adept DsFi)
 25264 | D:15     | Reached skill level 8 in Spellcasting
 25264 | D:15     | Reached skill level 8 in Conjurations
 25264 | D:15     | Reached skill level 8 in Hexes
 25264 | D:15     | Reached skill level 8 in Summonings
 25264 | D:15     | Reached skill level 8 in Necromancy
 25264 | D:15     | Reached skill level 8 in Translocations
 25264 | D:15     | Reached skill level 8 in Fire Magic
 25264 | D:15     | Reached skill level 8 in Ice Magic
 25264 | D:15     | Reached skill level 8 in Air Magic
 25264 | D:15     | Reached skill level 8 in Earth Magic
 25264 | D:15     | Reached skill level 8 in Alchemy
 25287 | D:15     | Killed a frost giant
 25352 | D:15     | Noticed a frost giant
 25368 | D:15     | Killed a frost giant
 25512 | D:15     | Reached XP level 17. HP: 129/129 MP: 0/0
 25512 | D:15     | Learned a level 7 spell: Monstrous Menagerie
 25603 | D:15     | Reached skill level 16 in Ranged Weapons
 25633 | D:15     | Found a staircase to the Depths.
 26475 | Shoals:1 | Entered Level 1 of the Shoals
 26481 | Shoals:1 | Noticed Jorgrun
 26492 | Shoals:1 | Killed Jorgrun
 26658 | Shoals:1 | Noticed a kraken
 26676 | Shoals:1 | Reached skill level 9 in Spellcasting
 26676 | Shoals:1 | Reached skill level 9 in Conjurations
 26676 | Shoals:1 | Reached skill level 9 in Hexes
 26676 | Shoals:1 | Reached skill level 9 in Summonings
 26676 | Shoals:1 | Reached skill level 9 in Necromancy
 26676 | Shoals:1 | Reached skill level 9 in Translocations
 26676 | Shoals:1 | Reached skill level 9 in Fire Magic
 26676 | Shoals:1 | Reached skill level 9 in Ice Magic
 26676 | Shoals:1 | Reached skill level 9 in Air Magic
 26676 | Shoals:1 | Reached skill level 9 in Earth Magic
 26676 | Shoals:1 | Reached skill level 9 in Alchemy
 26680 | Shoals:1 | Killed a kraken
 26955 | Shoals:1 | Found a runed translucent gate.
 26957 | Shoals:1 | Found a runed translucent gate.
 26958 | Shoals:1 | Found a runed translucent gate.
 26959 | Shoals:1 | Noticed Quickbrownfox's ghost (journeyman DsCj)
 27406 | Shoals:2 | Found Quifyete's Armour Shop.
 27480 | Shoals:2 | Noticed a kraken
 27487 | Shoals:2 | Killed a kraken
 27591 | Shoals:2 | Reached skill level 10 in Spellcasting
 27591 | Shoals:2 | Reached skill level 10 in Conjurations
 27591 | Shoals:2 | Reached skill level 10 in Hexes
 27591 | Shoals:2 | Reached skill level 10 in Summonings
 27591 | Shoals:2 | Reached skill level 10 in Necromancy
 27591 | Shoals:2 | Reached skill level 10 in Translocations
 27591 | Shoals:2 | Reached skill level 10 in Fire Magic
 27591 | Shoals:2 | Reached skill level 10 in Ice Magic
 27591 | Shoals:2 | Reached skill level 10 in Air Magic
 27591 | Shoals:2 | Reached skill level 10 in Earth Magic
 27591 | Shoals:2 | Reached skill level 10 in Alchemy
 27831 | Shoals:3 | Reached skill level 17 in Ranged Weapons
 27939 | Shoals:3 | Noticed Mara
 27943 | Shoals:3 | Noticed EnegeticOcto's illusion
 27950 | Shoals:3 | Killed Mara
 28417 | Shoals:4 | Entered Level 4 of the Shoals
 28417 | Shoals:4 | Found Omiawide's Book Shoppe.
 28445 | Shoals:4 | Reached XP level 18. HP: 135/135 MP: 0/0
 29005 | Shoals:4 | Reached skill level 18 in Ranged Weapons
 29189 | Shoals:4 | Got a barnacled rune of Zot
 29809 | Snake:1  | Entered Level 1 of the Snake Pit
 29830 | Snake:1  | Found Umnojant's Armour Shoppe.
 29925 | Snake:1  | Found Xiyhapau's Antique Armour Shop.
 30038 | Snake:1  | Reached ****** piety under Qazlal
 30214 | Snake:1  | Found Dagh's Weapon Boutique.
 30660 | Snake:2  | Reached XP level 19. HP: 139/141 MP: 0/0
 30660 | Snake:2  | Learned a level 6 spell: Plasma Beam
 30738 | Snake:2  | Found Waeleogh's Book Shoppe.
 30746 | Snake:2  | Found Jifuivy's Magic Scroll Emporium.
 30752 | Snake:2  | Bought a scroll of acquirement for 988 gold pieces
 30752 | Snake:2  | Acquired 1133 gold pieces
 30754 | Snake:2  | Bought a scroll of enchant weapon for 142 gold pieces
 30754 | Snake:2  | Bought a scroll of teleportation for 57 gold pieces
 30769 | Snake:2  | Found a blossoming altar of Fedhas.
 30887 | Snake:2  | Reached skill level 11 in Dodging
 30913 | Snake:2  | Reached skill level 11 in Conjurations
 31168 | Snake:3  | Found Oplo's Weapon Shoppe.
 31185 | Snake:3  | Reached skill level 19 in Ranged Weapons
 31226 | Snake:3  | Identified the serpent talisman "Wyifaagg" {rF++ rN+ Dex-2
                  | SInv}
 31226 | Snake:3  | Noticed Aizul
 31237 | Snake:3  | Killed Aizul
 31378 | Snake:3  | Found Kila's Weapon Shoppe.
 31392 | Snake:3  | Bought 6 curare-tipped darts for 100 gold pieces
 31440 | Snake:3  | Identified the +2 leather armour of Xodeyps {rElec rN+
                  | Int+3 Dex-5}
 31477 | Snake:3  | Reached skill level 15 in Fighting
 31720 | Snake:4  | Entered Level 4 of the Snake Pit
 31844 | Snake:4  | Reached skill level 11 in Spellcasting
 31844 | Snake:4  | Reached skill level 11 in Hexes
 31844 | Snake:4  | Reached skill level 11 in Summonings
 31844 | Snake:4  | Reached skill level 11 in Necromancy
 31844 | Snake:4  | Reached skill level 11 in Translocations
 31844 | Snake:4  | Reached skill level 11 in Fire Magic
 31844 | Snake:4  | Reached skill level 11 in Ice Magic
 31844 | Snake:4  | Reached skill level 11 in Air Magic
 31844 | Snake:4  | Reached skill level 11 in Earth Magic
 31844 | Snake:4  | Reached skill level 11 in Alchemy
 31877 | Snake:4  | Reached skill level 12 in Dodging
 32757 | Snake:4  | Reached XP level 20. HP: 111/150 MP: 0/0
 32820 | Snake:4  | Got a serpentine rune of Zot
 33037 | Snake:1  | Bought a shiny ring mail for 203 gold pieces
 33210 | Elf:1    | Entered Level 1 of the Elven Halls
 33452 | Elf:1    | Reached skill level 13 in Dodging
 33785 | Elf:1    | Reached skill level 16 in Fighting
 34712 | Elf:2    | Found a runed translucent gate.
 34712 | Elf:2    | Found a runed translucent gate.
 34712 | Elf:2    | Found a runed translucent gate.
 35270 | Vaults:1 | Entered Level 1 of the Vaults
 35494 | Vaults:1 | Found Plog's General Store.
 35501 | Vaults:1 | Found Ediwuud's Book Shoppe.
 35708 | Vaults:1 | Reached skill level 14 in Dodging
 35998 | Vaults:1 | Found Zeof's Weapon Shop.
 36138 | Vaults:1 | Found Xobupom's General Store.
 36146 | Vaults:1 | Bought a scroll of blinking for 82 gold pieces
 36146 | Vaults:1 | Bought a scroll of fog for 44 gold pieces
 36146 | Vaults:1 | Bought 2 curare-tipped darts for 26 gold pieces
 36761 | Vaults:2 | Reached skill level 20 in Ranged Weapons
 36878 | Vaults:2 | Reached XP level 21. HP: 87/159 MP: 0/0
 36878 | Vaults:2 | Learned a level 8 spell: Lehudib's Crystal Spear
 37005 | Vaults:2 | Identified the +3 falchion "Bivuy" {freeze, MP-9 Str+6
                  | Dex+3 Stlth+}
 37263 | Vaults:2 | Found Ryate's Book Shoppe.
 37663 | Vaults:2 | Reached skill level 17 in Fighting
 38043 | Vaults:3 | Reached skill level 15 in Dodging
 38163 | Vaults:3 | Noticed Nikola
 38176 | Vaults:3 | Killed Nikola
 38397 | Vaults:3 | Found a staircase to the Crypt.
 38435 | Vaults:3 | Noticed Boris
 38454 | Vaults:3 | Killed Boris
 38537 | Vaults:3 | Found Xucsaar's Weapon Boutique.
 38926 | Vaults:3 | Noticed Xtahua
 38936 | Vaults:3 | Killed Xtahua
 39253 | Vaults:4 | Noticed Donald
 39265 | Vaults:4 | Killed Donald
 39365 | Vaults:4 | Reached skill level 16 in Dodging
 39423 | Vaults:4 | Found a runed translucent gate.
 39423 | Vaults:4 | Found a runed translucent gate.
 39423 | Vaults:4 | Found a runed translucent gate.
 39424 | Vaults:4 | Noticed Prykner's ghost (adept HOFi)
 39461 | Vaults:4 | Reached skill level 18 in Fighting
 39461 | Vaults:4 | Reached XP level 22. HP: 169/169 MP: 0/0
 40503 | Elf:3    | Entered Level 3 of the Elven Halls
 40532 | Elf:3    | Found Ytzoyn's Antique Armour Emporium.
 40571 | Elf:3    | Found Buojeklu's Antique Weapon Shop.
 40767 | Elf:3    | Reached skill level 17 in Dodging
 41456 | Elf:3    | Identified the +6 halberd of Equivalence {drain, rN+ Dex+3}
 41490 | Elf:3    | Reached skill level 19 in Fighting
 41626 | Elf:3    | Identified the ring of Divine Compulsion {rC+ rCorr}
 41630 | Elf:3    | Identified the +0 robe of Vum Ask {Int+4}
 41711 | Elf:3    | Identified the ring "Lokasoap" {Will+ SInv Stlth+}
 41717 | Elf:3    | Found the +2 hood of the Assassin {Detect Stab+ Stlth++}
 41731 | Elf:3    | Identified the +3 chain mail of Grottiness {+Blink rF-
                  | Str+2}
 42226 | Depths:1 | Entered Level 1 of the Depths
 42234 | Depths:1 | Found Vosilex's Gadget Gallery.
 42245 | Depths:1 | Found a one-way gate to the infinite horrors of the Abyss.
 42247 | Depths:1 | Bought a wand of roots (3) for 151 gold pieces
 42247 | Depths:1 | Bought a wand of polymorph (6) for 176 gold pieces
 42363 | Depths:1 | Reached skill level 1 in Armour
 42416 | Depths:1 | Reached skill level 2 in Armour
 42489 | Depths:1 | Identified the dragon-blood talisman of the Arena {*Slow
                  | Str+5 Int+2}
 42489 | Depths:1 | Noticed Bai Suzhen
 42495 | Depths:1 | Reached XP level 23. HP: 175/178 MP: 0/0
 42495 | Depths:1 | Learned a level 8 spell: Ignition
 42509 | Depths:1 | Killed Bai Suzhen
 42559 | Depths:1 | Reached skill level 3 in Armour
 42610 | Depths:1 | Reached skill level 18 in Dodging
 42713 | Depths:1 | Found a gateway to Hell.
 42716 | Depths:1 | Found a broken altar of Ashenzari.
 42896 | Depths:1 | Found a one-way gate leading to the halls of Pandemonium.
 43305 | Depths:1 | Found a gateway to Hell.
 43357 | Depths:1 | Found a one-way gate to the infinite horrors of the Abyss.
 43368 | Depths:1 | Found Vosilex's Gadget Gallery.
 43576 | Depths:1 | Found a one-way gate leading to the halls of Pandemonium.
 43860 | Depths:2 | Identified the ring of Nody {Ice MP-9 Int+3 Slay+3}
 43860 | Depths:2 | Noticed Josephina
 44093 | Depths:2 | Found a portal to a secret trove of treasure.
 44147 | Depths:2 | Killed Josephina
 44148 | Depths:2 | Reached skill level 4 in Armour
 44353 | Depths:2 | Reached skill level 11 in Invocations
 44410 | Depths:2 | Identified the +4 short sword "Atrel" {freeze, rF+}
 44544 | Depths:2 | Reached skill level 5 in Armour
 44632 | Depths:2 | Identified the +6 sling of Circularity {antimagic, rF+
                  | Will+}
 44650 | Depths:2 | Identified the +5 broad axe "Wadwosap" {protect, Stlth+}
 45594 | Depths:3 | Noticed Grunn
 45623 | Depths:3 | Killed Grunn
 45624 | Depths:3 | Reached skill level 6 in Armour
 45955 | Depths:3 | Reached skill level 20 in Fighting
 46107 | Depths:3 | Reached XP level 24. HP: 141/187 MP: 0/0
 46192 | Depths:3 | Reached skill level 12 in Invocations
 46829 | Depths:4 | Entered Level 4 of the Depths
 46829 | Depths:4 | Identified the orb of Inquiry {*channel, Dex+3}
 46829 | Depths:4 | Noticed Frederick
 46890 | Depths:4 | Noticed Vv
 47096 | Depths:3 | Reached skill level 7 in Armour
 47099 | Depths:3 | Reached skill level 19 in Dodging
 47655 | Depths:4 | Killed Vv
 47972 | Depths:4 | Noticed Jory
 47985 | Depths:4 | Killed Jory
 48269 | Depths:4 | Found a one-way gateway to a ziggurat.
 48641 | Depths:4 | Found Diriupni's Book Shop.
 48790 | Depths:4 | Killed Frederick
 48952 | Depths:4 | Reached skill level 8 in Armour
 49089 | Depths:4 | Identified the ring "Jingywocs" {EV+5 Dex+7 Stlth-}
 49238 | Depths:4 | Noticed a golden dragon
 49238 | Depths:4 | Noticed a golden dragon
 49249 | Depths:4 | Killed a golden dragon
 49256 | Depths:4 | Killed a golden dragon
 49300 | Depths:4 | Found a gate to the Realm of Zot.
 49896 | Crypt:1  | Entered Level 1 of the Crypt
 49923 | Crypt:1  | Reached skill level 13 in Invocations
 50266 | Crypt:1  | Noticed Mennas
 50759 | Lair:5   | Reached skill level 9 in Armour
 50783 | Slime:1  | Entered Level 1 of the Pits of Slime
 50799 | Slime:1  | Gained mutation: Your body sometimes deteriorates upon
                  | taking damage. [mutagenic glow]
 50828 | Slime:2  | Gained mutation: You occasionally lose the ability to read
                  | scrolls when taking damage. [a shining eye]
 50841 | Slime:2  | Reached XP level 25. HP: 158/195 MP: 0/0
 50841 | Slime:2  | Learned a level 8 spell: Borgnjor's Revivification
 51482 | Slime:3  | Reached skill level 20 in Dodging
 52447 | Slime:5  | Entered Level 5 of the Pits of Slime
 52474 | Slime:4  | Reached skill level 10 in Armour
 52785 | Slime:5  | Reached skill level 14 in Invocations
 52850 | Slime:5  | Noticed the Royal Jelly
 52986 | Slime:5  | Gained mutation: You are frail. (-10% HP) [a shining eye]
 53066 | Slime:5  | Gained mutation: You sometimes lose the ability to read
                  | scrolls when taking damage. [a shining eye]
 53190 | Slime:5  | Killed the Royal Jelly
 53966 | Slime:5  | Gained mutation: You are clumsy. (Dex -2) [a shining eye]
 54657 | Slime:5  | Found the +8 mithril axe "Arga" {speed, Will+}
 54669 | Slime:5  | Identified the +2 ring mail of Weirdness {*Slow rC++
                  | Will+++ Int-3}
 54670 | Slime:5  | Identified the +1 ring mail "Tubaipu" {rElec}
 54680 | Slime:5  | Identified the +1 chain mail of Insecurity {Dex+2}
 54700 | Slime:5  | Identified the ring "Qutt" {Fire rPois}
 54780 | Slime:5  | Identified the +8 morningstar of Guilt {flame, +Blink rN+}
 54787 | Slime:5  | Identified the +5 dagger "Fom Uhua" {flame, rPois rF- Str+5
                  | Int+2}
 54789 | Slime:5  | Got a slimy rune of Zot
 54822 | Slime:5  | Identified the +0 scale mail of Duck's Teeth {Str+4 Dex+3
                  | Slay-4}
 54831 | Slime:5  | Identified the +6 scale mail of an ossuary {Will+}
 55439 | Zot:1    | Entered Level 1 of the Realm of Zot
 55471 | Zot:1    | Reached skill level 12 in Conjurations
 55919 | Orc:1    | Bought a scroll of silence for 114 gold pieces
 55919 | Orc:1    | Bought a scroll of teleportation for 36 gold pieces
 55919 | Orc:1    | Bought a wand of digging (3) for 151 gold pieces
 57049 | Zot:1    | Reached skill level 15 in Invocations
 57072 | Zot:1    | Reached skill level 6 in Evocations
 57477 | Zot:1    | Reached skill level 12 in Fire Magic
 58361 | Zot:2    | Reached skill level 13 in Conjurations
 58374 | Zot:2    | Reached skill level 7 in Evocations
 58374 | Zot:2    | Reached XP level 26. HP: 143/177 MP: 0/0
 58428 | Zot:2    | Noticed an orb of fire
 58443 | Zot:2    | Killed an orb of fire
 58444 | Zot:2    | Lost mutation: Your body sometimes deteriorates upon taking
                  | damage. [potion of mutation]
 58444 | Zot:2    | Lost mutation: You sometimes lose the ability to read
                  | scrolls when taking damage. [potion of mutation]
 58444 | Zot:2    | Lost mutation: You are frail. (-10% HP) [potion of
                  | mutation]
 58444 | Zot:2    | Gained mutation: You occasionally lose the ability to drink
                  | potions when taking damage. [potion of mutation]
 58445 | Zot:2    | Lost mutation: You occasionally lose the ability to read
                  | scrolls when taking damage. [potion of mutation]
 58445 | Zot:2    | Lost mutation: You occasionally lose the ability to drink
                  | potions when taking damage. [potion of mutation]
 58445 | Zot:2    | Gained mutation: You are dopey. (Int -2) [potion of
                  | mutation]
 58445 | Zot:2    | Gained mutation: Your movements are slightly less
                  | encumbered by armour. (ER -2) [potion of mutation]
 58445 | Zot:2    | Gained mutation: You expend health (3 HP) to strengthen
                  | your wands. [potion of mutation]
 58688 | Zot:2    | Reached skill level 12 in Spellcasting
 58688 | Zot:2    | Reached skill level 12 in Hexes
 58688 | Zot:2    | Reached skill level 12 in Summonings
 58688 | Zot:2    | Reached skill level 12 in Necromancy
 58688 | Zot:2    | Reached skill level 12 in Translocations
 58688 | Zot:2    | Reached skill level 12 in Ice Magic
 58688 | Zot:2    | Reached skill level 12 in Air Magic
 58688 | Zot:2    | Reached skill level 12 in Earth Magic
 58688 | Zot:2    | Reached skill level 12 in Alchemy
 58701 | Zot:2    | Reached skill level 13 in Fire Magic
 58701 | Zot:2    | Reached skill level 8 in Evocations
 58747 | Zot:2    | Noticed an orb of fire
 58758 | Zot:2    | Gained mutation: You are occasionally teleported next to
                  | monsters. [an orb of fire]
 58759 | Zot:2    | Killed an orb of fire
 58760 | Zot:2    | Reached skill level 14 in Conjurations
 58779 | Zot:2    | Lost mutation: You are occasionally teleported next to
                  | monsters. [potion of mutation]
 58779 | Zot:2    | Lost mutation: You are dopey. (Int -2) [potion of mutation]
 58779 | Zot:2    | Lost mutation: You expend health (3 HP) to strengthen your
                  | wands. [potion of mutation]
 58779 | Zot:2    | Gained mutation: You are resistant to electric shocks.
                  | (rElec) [potion of mutation]
 58817 | Zot:2    | You are sucked into a shaft and drop 1 floor!
 58930 | Zot:3    | Reached skill level 9 in Evocations
 59004 | Zot:2    | Reached skill level 14 in Fire Magic
 59231 | Zot:2    | Reached skill level 15 in Conjurations
 59248 | Zot:2    | Reached skill level 10 in Evocations
 59898 | Zot:3    | Noticed an orb of fire
 59912 | Zot:3    | Killed an orb of fire
 59913 | Zot:3    | Reached skill level 13 in Spellcasting
 59913 | Zot:3    | Reached skill level 13 in Hexes
 59913 | Zot:3    | Reached skill level 13 in Summonings
 59913 | Zot:3    | Reached skill level 13 in Necromancy
 59913 | Zot:3    | Reached skill level 13 in Translocations
 59913 | Zot:3    | Reached skill level 13 in Ice Magic
 59913 | Zot:3    | Reached skill level 13 in Air Magic
 59913 | Zot:3    | Reached skill level 13 in Earth Magic
 59913 | Zot:3    | Reached skill level 13 in Alchemy
 60017 | Zot:3    | Found a transporter.
 60021 | Zot:3    | Found a transporter.
 60224 | Zot:3    | Noticed a curse toe
 60231 | Zot:3    | Killed a curse toe
 60329 | Zot:3    | Found a transporter.
 60344 | Zot:3    | Reached skill level 15 in Fire Magic
 60539 | Zot:3    | Found a transporter.
 60704 | Zot:4    | Noticed a curse toe
 60707 | Zot:4    | HP: 8/202 [white draconian stormcaller (28)]
 60715 | Zot:4    | Killed a curse toe
 60755 | Zot:4    | Reached skill level 16 in Conjurations
 60755 | Zot:4    | Reached skill level 11 in Evocations
 60810 | Zot:4    | Noticed a curse toe
 60816 | Zot:4    | Killed a curse toe
 60866 | Zot:4    | Noticed a curse toe
 60869 | Zot:4    | Killed a curse toe
 60870 | Zot:4    | Reached XP level 27. HP: 197/208 MP: 0/0
 60870 | Zot:4    | Learned a level 9 spell: Death's Door
 60900 | Zot:4    | Reached skill level 16 in Fire Magic
 61127 | Zot:4    | Reached skill level 12 in Evocations
 61135 | Zot:4    | Reached skill level 14 in Spellcasting
 61135 | Zot:4    | Reached skill level 14 in Hexes
 61135 | Zot:4    | Reached skill level 14 in Summonings
 61135 | Zot:4    | Reached skill level 14 in Necromancy
 61135 | Zot:4    | Reached skill level 14 in Translocations
 61135 | Zot:4    | Reached skill level 14 in Ice Magic
 61135 | Zot:4    | Reached skill level 14 in Air Magic
 61135 | Zot:4    | Reached skill level 14 in Earth Magic
 61135 | Zot:4    | Reached skill level 14 in Alchemy
 61167 | Zot:4    | Reached skill level 17 in Conjurations
 61604 | Zot:5    | Entered Level 5 of the Realm of Zot
 62141 | Zot:5    | Noticed a Killer Klown
 62168 | Zot:4    | Killed a Killer Klown
 62201 | Zot:5    | Reached skill level 17 in Fire Magic
 62467 | Zot:5    | Reached skill level 18 in Conjurations
 62517 | Zot:5    | Noticed an orb of fire
 62525 | Zot:5    | Gained mutation: You have hidden genetic defects. [an orb
                  | of fire]
 62528 | Zot:5    | Gained mutation: You are partially covered in large bone
                  | plates. (SH +4) [an orb of fire]
 62529 | Zot:5    | Gained mutation: You are very clumsy. (Dex -4) [an orb of
                  | fire]
 62530 | Zot:5    | Gained mutation: Your spells are a little easier to cast,
                  | but a little less powerful. [an orb of fire]
 62531 | Zot:5    | Killed an orb of fire
 62567 | Zot:5    | Noticed an ancient lich
 62576 | Zot:5    | Killed an ancient lich
 62760 | Zot:5    | Reached skill level 15 in Spellcasting
 62760 | Zot:5    | Reached skill level 15 in Hexes
 62760 | Zot:5    | Reached skill level 15 in Summonings
 62760 | Zot:5    | Reached skill level 15 in Necromancy
 62760 | Zot:5    | Reached skill level 15 in Translocations
 62760 | Zot:5    | Reached skill level 15 in Ice Magic
 62760 | Zot:5    | Reached skill level 15 in Air Magic
 62760 | Zot:5    | Reached skill level 15 in Earth Magic
 62760 | Zot:5    | Reached skill level 15 in Alchemy
 65029 | Zot:5    | Noticed a Killer Klown
 65037 | Zot:5    | Killed a Killer Klown
 65152 | Zot:5    | Gained mutation: Potions are less effective at restoring
                  | your health. [hidden defects]
 65248 | Zot:5    | Reached skill level 16 in Invocations
 66082 | Zot:5    | Noticed a dread lich
 66094 | Zot:5    | Killed a dread lich
 66107 | Zot:5    | Noticed an orb of fire
 66108 | Zot:5    | Gained mutation: You sometimes lose your temper in combat.
                  | [an orb of fire]
 66117 | Zot:5    | Gained mutation: You are frail. (-10% HP) [an orb of fire]
 66118 | Zot:5    | Gained mutation: You occasionally lose the ability to drink
                  | potions when taking damage. [an orb of fire]
 66128 | Zot:5    | Killed an orb of fire
 66129 | Zot:5    | Lost mutation: Your spells are a little easier to cast, but
                  | a little less powerful. [potion of mutation]
 66129 | Zot:5    | Lost mutation: You occasionally lose the ability to drink
                  | potions when taking damage. [potion of mutation]
 66129 | Zot:5    | Gained mutation: You expend health (3 HP) to strengthen
                  | your wands. [potion of mutation]
 66130 | Zot:5    | Lost mutation: Your movements are slightly less encumbered
                  | by armour. (ER -2) [potion of mutation]
 66130 | Zot:5    | Lost mutation: You are resistant to electric shocks.
                  | (rElec) [potion of mutation]
 66130 | Zot:5    | Lost mutation: You are partially covered in large bone
                  | plates. (SH +4) [potion of mutation]
 66130 | Zot:5    | Lost mutation: You have hidden genetic defects. [potion of
                  | mutation]
 66130 | Zot:5    | Gained mutation: Your flesh is almost immune to the effects
                  | of heat. (rF+++) [potion of mutation]
 66262 | Zot:5    | Noticed a dread lich
 66267 | Zot:5    | Noticed a dread lich
 66273 | Zot:5    | Killed a dread lich
 66280 | Zot:5    | Paralysed by something for 4 turns
 66285 | Zot:5    | Killed a dread lich
 66703 | Zot:5    | Reached skill level 17 in Invocations
 66713 | Zot:5    | Noticed a dread lich
 66714 | Zot:5    | Noticed a dread lich
 66717 | Zot:5    | Noticed a dread lich
 66738 | Zot:5    | Paralysed by something for 5 turns
 66762 | Zot:4    | Killed a dread lich
 66773 | Zot:4    | Gained mutation: Your body sometimes deteriorates upon
                  | taking damage. [mutagenic glow]
 67032 | Zot:5    | Noticed a Killer Klown
 67043 | Zot:5    | Killed a Killer Klown
 67203 | Zot:5    | Noticed an ancient lich
 67208 | Zot:5    | Killed an ancient lich
 67934 | Zot:5    | Noticed a dread lich
 67941 | Zot:5    | Killed a dread lich
 68331 | Zot:5    | Killed a dread lich
 68869 | Zot:5    | Reached skill level 18 in Invocations
 69806 | Zot:5    | Noticed an orb of fire
 69807 | Zot:5    | Gained mutation: You are very frail. (-20% HP) [an orb of
                  | fire]
 69808 | Zot:5    | Noticed a dread lich
 69808 | Zot:5    | Noticed a dread lich
 69808 | Zot:5    | Noticed a dread lich
 69809 | Zot:5    | Got the Orb of Zot
 69938 | Zot:1    | Noticed Gaijuoxy the pandemonium lord
 70512 | D:$      | Escaped with the Orb!

Illustrated notes

Levels and vault maps discovered:
D:1:      ncdulo_halloftheorcs, layout_loops_cross, chequers_garden,
          corexii_hall_statues_x, serial_park_tiny_pond
D:2:      layout_basic, shapermc_ecumenical_altar_acropolis,
          kennysheep_nondescript, uniq_robin, uniq_sigmund, uniq_terence
D:3:      layout_rooms, gup_sewer_entry_pipe
D:4:      layout_gridville
D:5:      layout_gridville, nicolae_overflow_hidden_temple,
          minmay_temple_entry_sparse_star, nicolae_twisty_statue_hallways
D:6:      layout_basic, grunt_temple_overflow_opulence, old_standard_altar,
          uniq_edmund
D:7:      layout_gridville, uniq_joseph
D:8:      layout_loops_corners
D:9:      layout_loops_cross, mainiacjoe_overflow_alcove_1,
          due_lair_maze_entry_diamond, enter_bailey_2, minmay_gold_behind_fungi
D:10:     cheibrodos_steamvent, layout_basic, erik_orc_4, serial_demonic,
          serial_demonic_g, serial_demonic_f, serial_demonic_g,
          serial_demonic_d, dreamdust_deal_with_the_devil, nrook_loot_triangle,
          uniq_erica
D:11:     layout_long_grid
D:12:     layout_stronghold
D:13:     layout_big_octagon, kennysheep_island_fort
D:14:     layout_roguey, ximxim_vaults_locker_room, nicolae_figureground_pulse,
          nicolae_gozag_zags_fifth_avenue
D:15:     regret_index_condemned_cage, layout_basic, small_statue_intersection,
          ebering_ghost_funeral_grove, minmay_bent
Temple:   eino_narrow_crystal_temple
Lair:1:   layout_gridlike, serial_bayou_crossing, grunt_megastairs_3,
          infiniplex_staircase_pool_2
Lair:2:   wad_woods_04, layout_loops_ring, elwin_shoals_entry_rocks,
          nzn_ghost_randoct
Lair:3:   gammafunk_indiana_jones, layout_cave_pods,
          minmay_snake_entry_guardpost_small, pdpol_lair_neglected_garden,
          serial_bayou_lagoon_a, grunt_forest_large_clearings
Lair:4:   layout_regular_city, lemuel_fruit_tree, grunt_megastairs_4,
          serial_bayou_shore_b
Lair:5:   minmay_lair_end_frog_pond, layout_misc_corridors, slime_entry_2,
          grunt_forest_small_clearings
Shoals:1: cheibrodos_shoals_baths, layout_shoals, gammafunk_ghost_split,
          uniq_jorgrun
Shoals:2: layout_shoals, serial_shops, nicolae_shop_waterfront
Shoals:3: layout_shoals, uniq_mara
Shoals:4: shoals_end_grunt_garden, layout_shoals, serial_shops,
          nicolae_shop_hallway_stairs, nicolae_shoals_wave_tunnel
Snake:1:  layout_grid_maze, serial_shops, shop, shop, nicolae_shop_hallway_plus,
          nicolae_snake_omega
Snake:2:  layout_cave_shapes, basic_altar, minmay_shoptagon
Snake:3:  layout_grid_shapes, serial_shops, nicolae_shop_bloodbath_and_beyond,
          shop, nicolae_snake_shapes, uniq_aizul
Snake:4:  minmay_snake_end_coiled, layout_cave_town, st_stairs_3
Slime:1:  layout_caves
Slime:2:  layout_caves
Slime:3:  layout_caves
Slime:4:  layout_caves
Slime:5:  slime_pit
Orc:1:    layout_caves, nicolae_orc_bridge_out, nicolae_specific_store,
          uniq_nergalle
Orc:2:    grunt_orc_community_town_hall, layout_diamond_mine,
          grunt_orc_community_big_house_2, grunt_orc_community_big_house_2,
          grunt_orc_community_house_1, grunt_orc_community_house_2,
          grunt_orc_community_house_1, grunt_orc_community_house_2,
          grunt_orc_community_house_2, grunt_orc_community_house_3,
          portal_ice_cave_entry_imps, ebering_ghost_disaster_area, uniq_maurice
Elf:1:    nicolae_elf_arrival_fired_up, layout_loops_corners,
          minmay_elf_sorcery, david_defended_altar_elf
Elf:2:    nicolae_elf_blades_splatter_lattice
          [nicolae_blade_entry_floor_patterns], layout_geoelf_diagonals, pf_eden
Elf:3:    minmay_elf_hall_circle, layout_geoelf_diagonals, serial_shops,
          nicolae_shop_peninsula, shop
Vaults:1: ontoclasm_vaults_ring_large, ontoclasm_vaults_bender,
          nicolae_vaults_trapezoid_lopsided_4, nicolae_vaults_asterisk,
          v_alt_pattern_5, ontoclasm_vaults_fault, nicolae_vaults_double_plus_2,
          hangedman_vaults_slice, nicolae_vaults_trapezoid_3,
          layout_vaults_chaotic_city, serial_shops, shop, shop, shop, shop
Vaults:2: vaults_room_fancy_cross, dpeg_vaults_monster_box,
          hangedman_vaults_impose, nicolae_vaults_tetromino_T_2,
          nicolae_vaults_tetromino_L_2, hangedman_vaults_trim,
          hangedman_vaults_cutoff, ontoclasm_vaults_chip, vaults_dpeg_hooks,
          nicolae_vaults_tetromino_T_2, nicolae_vaults_oval_intersection,
          layout_vaults_omnigrid, serial_shops, nicolae_shop_trees
Vaults:3: nicolae_vaults_tetromino_T_1, minmay_crypt_entry_skeletal_spiral,
          hangedman_vaults_capsules, v_misc_27,
          nicolae_vaults_stairing_the_circle, v_alt_pattern_2, v_misc_28,
          nicolae_vaults_rhombus_6, layout_vaults_omnicross, serial_shops,
          nicolae_shop_hallway_plus, uniq_xtahua, uniq_nikola, uniq_boris
Vaults:4: gammafunk_ghost_necromancy, vaults_room_pool,
          vaults_mumra_chevron_long, v_alt_pattern_1,
          nicolae_vaults_library_corner, nicolae_vaults_spaceships,
          hangedman_vaults_trim, v_alt_pattern_1, ontoclasm_vaults_pinch,
          nicolae_vaults_specimen_jars, nicolae_vaults_trapezoid_3,
          ontoclasm_vaults_eye, nicolae_vaults_little_ls, layout_vaults_omnibox,
          uniq_donald
Crypt:1:  layout_gridlike, uniq_mennas
Depths:1: layout_basic, grunt_pan_entry_sceptre, hell_entry,
          ashenzari_conservatory_becter, abyss_entry, nicolae_shop_gadgets,
          kennysheep_random_hallway, uniq_saint_roka, uniq_bai_suzhen
Depths:2: minmay_the_grid_octo_tiled_octocenter
          [minmay_the_grid_octo_tetromino_candy, minmay_the_grid_octo_focus,
          minmay_the_grid_octo_odd_swirl, minmay_the_grid_octo_clover_2,
          minmay_the_grid_octo_prize_single_spiral,
          minmay_the_grid_square_5x5_forky,
          minmay_the_grid_square_5x5_almost_minimal,
          minmay_the_grid_square_5x5_checkered_sparse,
          minmay_the_grid_square_5x5_seven], layout_basic,
          trove_entry_hex_spiral, hell_entry, rand_demon_pan_entry_4,
          hangedman_decor_clover_reticule, dk_noncrumbling_4, uniq_josephina
Depths:3: minmay_connected_triangles_in_corner, layout_honeycomb, nicolae_wwwww,
          grunt_metal_band, abyss_entry_glasseish, nicolae_triple_integral,
          uniq_grunn
Depths:4: grunt_zot_entry_hairpin, layout_cave_shapes, enter_ziggurat_f,
          serial_shops, nicolae_shop_stone, hangedman_coc_ice_floe,
          rand_demon_pan_entry_5, chequers_serial_rivers_small_a,
          serial_bayou_shore_b, uniq_vv, uniq_frederick, uniq_jory
Zot:1:    layout_misc_corridors, hangedman_swamp_dais,
          regret_index_zotdec_twisting_globes
Zot:2:    nicolae_moth_party, layout_cathedral_of_symmetry,
          hangedman_zot_decor_checkerboard, zot_minivault_7
Zot:3:    layout_gridlike, regret_index_zotdec_slimy_original,
          nicolae_diode_intersection
Zot:4:    lemuel_draconian_sentries, layout_misc_corridors
Zot:5:    layout_cathedral_of_symmetry

Skill      XL: |  1  2  3  4  5  6  7  8  9 10 11 12 13 14 15 16 17 18 19 20 21 22 23 24 25 26 27 |
---------------+----------------------------------------------------------------------------------+-----
Stealth        | 1 2 3 |  3.0
Ranged Weapons | 4 5 6 7 9 10 13 14 15 17 18 19 20 | 20.9
Fighting       | 3 5 6 8 9 10 12 13 14 15 16 18 19 20 | 20.9
Evocations     | 2 4 5 7 11 12 | 12.0
Invocations    | 2 5 6 8 10 11 13 15 18 | 18.7
Dodging        | 4 6 8 9 10 12 14 16 17 18 19 20 | 20.9
Spellcasting   | 2 4 6 8 10 11 13 15 | 15.0
Conjurations   | 2 4 6 8 10 11 13 16 18 | 18.4
Hexes          | 2 4 6 8 10 11 13 15 | 15.0
Summonings     | 2 4 6 8 10 11 13 15 | 15.0
Necromancy     | 2 4 6 8 10 11 13 15 | 15.0
Translocations | 2 4 6 8 10 11 13 15 | 15.0
Fire Magic     | 2 4 6 8 10 11 12 15 17 | 17.9
Ice Magic      | 2 4 6 8 10 11 13 15 | 15.0
Air Magic      | 2 4 6 8 10 11 13 15 | 15.0
Earth Magic    | 2 4 6 8 10 11 13 15 | 15.0
Alchemy        | 2 4 6 8 10 11 13 15 | 15.0
Armour         | 2 6 9 10 | 10.0

Action                     |  1- 3 |  4- 6 |  7- 9 | 10-12 | 13-15 | 16-18 | 19-21 | 22-24 | 25-27 || total
---------------------------+-------+-------+-------+-------+-------+-------+-------+-------+-------++-------
  Melee: Unarmed           |       |       |       |       |       |       |     1 |       |       ||     1
   Fire: Shortbow          |    81 |   189 |   432 |   629 |  1223 |    40 |       |       |       ||  2594
         Orcbow            |       |       |       |       |       |   503 |       |       |       ||   503
         Longbow           |       |       |       |       |       |   517 |  1273 |  1471 |  1531 ||  4792
  Throw: Dart              |       |       |     6 |       |       |     2 |       |       |       ||     8
   Cast: Irradiate         |       |       |       |       |       |    18 |     9 |    28 |    51 ||   106
         Leda's Liquefacti |       |       |       |       |       |       |     3 |     2 |       ||     5
         Shock             |       |       |       |       |       |       |       |     1 |       ||     1
 Invoke: Upheaval          |       |       |       |     3 |    11 |     2 |       |     5 |     4 ||    25
         Elemental Force   |       |       |       |       |    11 |     4 |     7 |    10 |     3 ||    35
         Disaster Area     |       |       |       |       |       |     2 |     2 |     4 |     3 ||    11
  Evoke: Wand              |       |       |     4 |    12 |    10 |     2 |     1 |    17 |    18 ||    64
    Use: Scroll            |     1 |     5 |     5 |    16 |     4 |    13 |     3 |     4 |    28 ||    79
         Potion            |       |     2 |     1 |     3 |     2 |       |       |     5 |    18 ||    31
 Armour: Leather armour    |    15 |    42 |    72 |       |       |       |       |       |       ||   129
         Steam dragon scal |       |       |    19 |    71 |   183 |       |       |       |       ||   273
         Troll leather arm |       |       |       |       |    77 |   251 |    44 |       |       ||   372
         Ring mail         |       |       |       |       |       |       |   133 |   250 |   316 ||   699
  Dodge: Dodged            |    14 |    42 |   122 |   238 |   583 |   481 |   456 |   722 |   911 ||  3569
         Repelled          |       |       |       |       |     8 |    12 |    17 |    13 |    30 ||    80
  Block: Other             |       |       |     3 |    37 |   114 |   142 |   133 |   144 |   166 ||   739

Table legend:
 A = Kills in this place as a percentage of kills in the entire game.
 B = Kills by you in this place as a percentage of kills by you in the entire game.
 C = Kills by friends in this place as a percentage of kills by friends in the entire game.
 D = Other kills in this place as a percentage of other kills in the entire game.
 E = Experience gained in this place as a percentage of experience gained in the entire game.
 F = Experience gained in this place divided by the number of levels of this place that you have seen.
                   A       B       C       D       E      F
               +-------+-------+-------+-------+-------+----------------------
         Total | 100.0 | 100.0 | 100.0 | 100.0 | 100.0 | 21631.4
       Dungeon |  21.0 |  21.4 |   8.1 |   0.0 |   6.7 | 5448.7
          Lair |   7.7 |   7.8 |   6.5 |   0.0 |   4.2 | 10214.0
        Shoals |   7.3 |   7.3 |   6.5 |  50.0 |   6.7 | 20176.8
     Snake Pit |   9.7 |  10.0 |   0.0 |   0.0 |   8.4 | 25313.8
    Slime Pits |   6.8 |   7.1 |   0.0 |   0.0 |   6.9 | 16677.0
  Orcish Mines |   6.4 |   5.1 |  50.0 |   0.0 |   1.2 | 7425.5
   Elven Halls |   5.4 |   5.6 |   0.0 |   0.0 |   6.9 | 28019.3
        Vaults |   9.5 |   9.7 |   6.5 |   0.0 |  12.5 | 37976.8
         Crypt |   2.2 |   2.3 |   0.0 |   0.0 |   2.3 | 27626.0
        Depths |  10.4 |  10.5 |   4.8 |  25.0 |  16.4 | 49813.2
           Zot |  11.0 |  11.1 |   8.1 |  25.0 |  27.0 | 65517.8
         Sewer |   0.1 |   0.1 |   0.0 |   0.0 |   0.0 | 139.0
        Bailey |   0.9 |   0.9 |   0.0 |   0.0 |   0.1 | 1675.0
      Ice Cave |   1.6 |   1.4 |   9.7 |   0.0 |   0.5 | 6110.0
               +-------+-------+-------+-------+-------+----------------------
